Map: 凯罗斯中转站-天梯版

Players

Replicant

  • Race: Terran Terran
  • League: Gold

StriKE - Winner!

  • Race: Terran Terran
  • League: Grandmaster

Event: WESG 2018 Grand Finals

VOD

Have the link to the VOD?

Description

Time

  • Played on: March 11, 2019, 6:07 a.m.
  • Length: 11:51

All games in this series

Show
View Real Time Build Order
Export as new Build Order

Replicant Terran 

Build Orders: 1/1/1 

Get SALT Encoding   

  12  0:00  SCV  
  13  0:13  SCV  
  14  0:18  Supply Depot  
  14  0:25  SCV  
  14  0:28  Refinery  
  15  0:39  SCV  
  16  0:45  Barracks  
  16  0:51  SCV  
  16  0:55  Refinery  
  17  1:04  SCV  
  18  1:16  SCV  
  19  1:31  Orbital Command  
  19  1:33  Barracks Reactor  
  19  1:35  Factory  
  19  1:47  Supply Depot  
  19  1:57  SCV  
  20  2:09  Reaper x2, SCV  
  23  2:20  Starport  
  23  2:21  Hellion  
  23  2:22  SCV  
  26  2:28  Supply Depot  
  26  2:34  SCV  
  27  2:42  Reaper x2, Hellion  
  31  2:57  Medivac  
  33  3:00  Supply Depot  
  33  3:04  Hellion  
  35  3:14  Reaper x2  
  37  3:26  Factory Tech Lab  
  37  3:28  Viking  
  37  3:42  Command Center  
  37  3:43  SCV  
  37  3:47  Marine x2  
  40  3:55  Cyclone  
  39  3:57  SCV  
  40  4:05  Marine x2  
  40  4:09  SCV  
  38  4:23  SCV  
  35  4:27  Marine x2  
  35  4:29  Siege Tank  
  38  4:35  SCV  
  39  4:44  Viking  
  40  4:47  SCV  
  40  4:49  Marine x2  
  43  4:58  Orbital Command  
  43  4:59  SCV  
  44  5:08  Siege Tank  
  44  5:11  Marine, SCV  
  44  5:13  Marine  
  50  5:24  SCV x2  
  50  5:27  Starport Tech Lab  
  52  5:32  Supply Depot  
  52  5:44  Marine x2  
  52  5:45  Siege Tank  
  57  5:53  SCV x2  
  57  5:54  Supply Depot  
  59  6:04  Marine x2  
  59  6:05  Raven  
  59  6:09  SCV x2  
  61  6:21  SCV x2  
  61  6:22  Marine x2  
  61  6:29  Siege Tank  
  60  6:33  SCV x2  
  58  6:40  Marine x2  
  58  6:45  SCV x2  
  52  6:57  SCV x2  
  52  6:58  Marine x2  
  54  7:09  SCV x2  
  56  7:15  Marine  
  56  7:16  Marine  
  56  7:21  SCV x2  
  57  7:23  Siege Tank  
  57  7:24  Raven  
  57  7:29  Supply Depot  
  62  7:33  Marine x2, SCV  
  62  7:34  SCV  
  62  7:46  SCV x2  
  64  7:54  Barracks  
  64  7:58  SCV x2  
  66  7:59  Barracks  
  66  8:10  SCV x2  
  63  8:20  Starport Reactor  
  63  8:22  Marine, SCV x2  
  63  8:26  Cyclone  
  64  8:34  SCV x2  
  64  8:40  Marine  
  64  8:46  SCV x2  
  64  8:55  Supply Depot  
  64  8:57  Stimpack  
  64  8:58  Marine, SCV x2  
  63  9:10  SCV x2  
  63  9:16  Marine  
  59  9:22  SCV x2  
  58  9:34  SCV  
  58  9:35  SCV  
  60  9:41  Starport Reactor  
  60  9:43  Marine x3  
  62  9:47  SCV x2  
  62  9:49  Marine x2  
  62  9:50  Engineering Bay x2  
  66  9:57  Siege Tank  
  66  9:59  SCV x2  
  71  10:01  Marine x3  
  74  10:07  Marine x2  
  74  10:11  SCV x2  
  78  10:18  Marine  
  78  10:19  Marine x2  
  80  10:23  SCV  
  80  10:25  Marine  
  80  10:27  Marine  
  80  10:28  Refinery  
  83  10:29  Refinery  
  83  10:35  Medivac, Siege Tank  
  86  10:36  Medivac  
  90  10:43  Marine x2  
  90  10:46  SCV x2  
  94  10:50  Supply Depot  
  94  11:00  Marine  
  94  11:01  Marine x2  
  97  11:15  Marine x2  
  99  11:18  Marine x2  
  100  11:28  Marine  
  95  11:33  Marine  
Show
View Real Time Build Order
Export as new Build Order

StriKE Terran - Winner!

Build Orders: 1/1/1, Liberator Opening 

Get SALT Encoding   

  12  0:01  SCV  
  13  0:13  SCV  
  14  0:17  Supply Depot  
  14  0:25  SCV  
  15  0:29  Refinery  
  15  0:38  SCV  
  16  0:45  Barracks  
  16  0:51  SCV  
  17  0:58  Refinery  
  17  1:03  SCV  
  18  1:15  SCV  
  19  1:31  Orbital Command  
  19  1:32  Reaper  
  20  1:36  Factory  
  20  1:47  Supply Depot  
  20  1:58  SCV  
  21  2:05  Reaper  
  22  2:19  Starport  
  22  2:21  Hellion  
  22  2:22  SCV  
  25  2:26  Supply Depot  
  25  2:34  SCV  
  26  2:38  Reaper  
  26  2:43  Hellion  
  26  2:44  Liberator  
  29  2:48  SCV  
  30  3:03  SCV  
  34  3:06  Hellion  
  34  3:10  Barracks Tech Lab  
  35  3:18  Command Center  
  35  3:41  Cyclone  
  36  3:48  Starport Tech Lab  
  35  3:58  SCV  
  35  4:04  Supply Depot  
  32  4:10  SCV  
  31  4:27  SCV  
  30  4:31  Banshee, Cloaking Field  
  33  4:40  SCV  
  33  4:44  Cyclone  
  33  4:45  Command Center, Mag-Field Accelerator  
  36  4:52  SCV  
  37  4:54  Supply Depot  
  37  5:10  SCV  
  37  5:11  Orbital Command  
  37  5:13  Refinery x2  
  38  5:16  Banshee  
  41  5:27  SCV  
  42  5:34  Siege Tank  
  45  5:39  SCV  
  45  5:46  Barracks Reactor  
  45  5:47  SCV  
  45  5:49  Starport  
  45  5:56  SCV  
  46  5:57  Orbital Command  
  46  6:06  Siege Tank  
  46  6:19  SCV x2  
  46  6:23  Marine x2  
  47  6:28  SCV  
  47  6:30  Viking  
  50  6:33  SCV  
  51  6:40  Siege Tank  
  51  6:41  Marine x2  
  51  6:45  SCV  
  51  6:46  Liberator  
  45  6:48  SCV  
  44  6:57  SCV  
  44  6:59  Banshee, Orbital Command  
  44  7:00  SCV  
  43  7:04  Marine  
  47  7:10  SCV  
  48  7:32  SCV  
  48  7:35  Refinery  
  48  7:36  Bunker  
  49  7:38  Refinery  
  47  7:47  Siege Tank  
  50  8:03  SCV x2  
  55  8:20  Siege Tank  
  55  8:24  SCV  
  56  8:30  Viking x2  
  60  8:35  SCV  
  60  8:36  SCV  
  60  8:43  Orbital Command  
  60  8:49  SCV  
  61  9:04  Viking  
  61  9:05  Viking  
  64  9:18  Siege Tank  
  64  9:26  Factory  
  64  9:36  Liberator x2  
  64  9:38  SCV x2  
  66  9:40  SCV  
  67  9:50  SCV x2  
  67  9:52  SCV  
  73  10:02  Siege Tank, SCV  
  73  10:06  Factory  
  77  10:07  SCV x2  
  77  10:11  Engineering Bay  
  77  10:12  Supply Depot x2  
  76  10:25  Factory Tech Lab, Barracks Reactor  
  76  10:40  Viking x2  
  80  10:52  Siege Tank x2  
  86  11:03  Missile Turret  
  86  11:04  Missile Turret, SCV  
  86  11:05  SCV x2, Command Center  
  86  11:06  Missile Turret  
  86  11:07  Missile Turret  
  89  11:19  SCV  
  89  11:21  Orbital Command  
Tags
 
Add a new tag
Caveats
  • Supply blocks, unpowered buildings, or Contaminate may cause inaccurate times.
  • Supply counts are checked every 10 seconds.